cohdb
Replays
Latest Replays
All Replays
Popular Replays
Top Player Replays
Match Explorer
How It Works
Community
CoH3 Stats
Reddit
Sign in to upload your games and track your stats! →
Sign in with Steam
Match 45540914
Unlisted
Match 45540914
Overview
Messages
Build Orders
End
Construct Weapon Support Center
Selects Special Operations Battlegroup
Selects M29 Weasel Recon Vehicle
M29 Weasel Recon Vehicle
Bazooka Squad
M1919 Machine Gun Team
M1919 Machine Gun Team
Infantry Support Center
M3 Armored Personnel Carrier
Bazooka Squad
Selects Raiding Flares
Raiding Flares
Construct Tank Depot
M1919 Machine Gun Team
Selects SSF Commando Squad
SSF Commando Squad
Raiding Flares
M4(105) Sherman Bulldozer
M18 Hellcat Tank Destroyer
M1919 Machine Gun Team
M3 Armored Personnel Carrier
Selects P-47 Anti-Infantry Loiter
Selects UNKNOWN (2162291)
P-47 Anti-Infantry Loiter
Engineer Squad
Ssezra
HURON
Einherjer
lojkin
Luft Waffle
Dark Lord Cthulhu
BABYDOG
MrZiehr
0
0
Comments
sign in to comment!
No comments posted yet!